 Dungeon Crawl Stone Soup version 0.26.1-2-gb8aa6d0cf2 (webtiles) character file.

Game seed: 15764351399888270156

552 Gadfly the Cudgeller (level 7, -1/67 HPs)
             Began as a Troll Berserker on Mar 3, 2021.
             Was a Priest of Trog.
             Slain by Menkaure (16 damage)
             ... on level 5 of the Dungeon.
             The game lasted 00:05:54 (3838 turns).

Gadfly the Cudgeller (Troll Berserker)              Turns: 3838, Time: 00:05:54

Health: -1/67      AC:  6    Str: 26    XL:     7   Next: 8%
Magic:  6/6        EV: 14    Int:  3    God:    Trog [***...]
Gold:   184        SH:  0    Dex: 11    Spells: 6/6 levels left

rFire    . . .     SeeInvis .   a - +1 flail (vorpal)
rCold    . . .     Faith    .   (no shield)
rNeg     . . .     Spirit   .   b - +0 animal skin
rPois    .         Reflect  .   (helmet restricted)
rElec    .         Harm     .   (no cloak)
rCorr    .         Rampage  .   (gloves unavailable)
Will     .....     Clarity  +   (boots unavailable)
Stlth    +.........             (no amulet)
HPRegen  1.01/turn              c - +4 ring of evasion
MPRegen  0.10/turn              (no ring)

@: no status effects
A: large, unfitting armour, claws 3, clarity, regeneration 2, shaggy fur 1,
tough skin 3
a: Renounce Religion, Berserk, Trog's Hand


You were on level 5 of the Dungeon.
You worshipped Trog.
Trog was most pleased with you.
You visited 1 branch of the dungeon, and saw 5 of its levels.

You collected 184 gold pieces.

Inventory:

Hand Weapons
 a - a +1 vorpal flail (weapon)
Armour
 b - a +0 animal skin (worn)
Jewellery
 c - a +4 ring of evasion (left claw)
Wands
 e - a wand of iceblast (6)
Scrolls
 g - a scroll of teleportation
 k - 2 scrolls of enchant weapon
 l - a scroll of remove curse
Potions
 d - 2 potions of cancellation
 f - 3 potions of curing
 h - a potion of degeneration {unknown}
 i - a potion of flight {unknown}
 j - a potion of might
 m - a potion of mutation


   Skills:
 + Level 3.4 Fighting
 + Level 3.7 Maces & Flails
 * Level 3.3 Armour
 - Level 2.4 Dodging
 * Level 3.1 Evocations


You had 6 spell levels left.
You didn't know any spells.
Your spell library was empty.

Dungeon Overview and Level Annotations

Branches:
Dungeon (5/15)             Temple (0/1) D:4

Altars:
Gozag
Nemelex Xobeh
Ru
Vehumet

Shops:
D:4 [[

Annotations:
D:5 Menkaure


Innate Abilities, Weirdness & Mutations

You are too large for most types of armour.
You have claws for hands.
You heal very quickly.
You are covered in fur. (AC +1)
You have extremely tough skin. (AC +3)
You possess an exceptional clarity of mind.


Message History

The ufetubus hits you but does no damage.
Menkaure shouts!
You hit the ufetubus but do no damage. The ufetubus barely misses you. x2
The ufetubus closely misses you. The ufetubus barely misses you.
Menkaure casts a spell.
Menkaure seems to speed up.
You closely miss the ufetubus. The ufetubus barely misses you.
The ufetubus closely misses you.
Menkaure calls on the powers of darkness!
Your body is wracked with pain!
The ufetubus hits you. The ufetubus misses you.
You sock the ufetubus!
You kill the ufetubus!
Trog accepts your kill.
Menkaure gestures at you while chanting.
You struggle to resist.
Menkaure closely misses you.
You hit Menkaure but do no damage. Menkaure hits you!!
* * * LOW HITPOINT WARNING * * *
Menkaure hits you!
You die...

### ####### #####.#
####### ....... #.....#
#.....# .......
#.###.####.###.# .......
#.#.....##.#...#
.......##.#.#.#.##.#.###
......M@.......>...#....
.......######.#.########
#...... .[.#.........
#.#####################.
# #....# #######.
#.##.### #.......
#.#<...# #.####..
#.#########.#....#
#.........#.#.####


You could see Menkaure (fast).

Vanquished Creatures
  Edmund (D:4)
  An ogre (D:4)
  A bullfrog skeleton (D:4)
  Natasha (thrice) (D:3)
  A worker ant (D:4)
  4 gnolls (D:3)
  10 adders
  An ufetubus (D:5)
  2 oozes (D:2)
  A worm (D:3)
  3 dart slugs (D:1)
  7 leopard geckos
  A giant cockroach (D:1)
  2 goblins
  10 hobgoblins
  9 jackals
  3 quokkas
  7 bats
  6 frilled lizards
  11 kobolds
  2 leopard gecko skeletons (D:4)
  9 rats
95 creatures vanquished.

Notes
Turn   | Place    | Note
-------+----------+-------------------------------------------
     0 | D:1      | Gadfly the Troll Berserker began the quest for the Orb.
     0 | D:1      | Reached XP level 1. HP: 22/22 MP: 0/0
   153 | D:1      | Reached XP level 2. HP: 29/29 MP: 1/1
   189 | D:1      | Found a sacrificial altar of Ru.
   371 | D:1      | Reached skill level 1 in Evocations
   411 | D:1      | Reached ** piety under Trog
   412 | D:1      | Reached skill level 1 in Armour
   453 | D:1      | Reached XP level 3. HP: 32/36 MP: 2/2
   821 | D:2      | Found an opulent altar of Gozag.
   841 | D:2      | Found a radiant altar of Vehumet.
  1104 | D:2      | Reached XP level 4. HP: 39/44 MP: 3/3
  1175 | D:2      | Found a sparkling altar of Nemelex Xobeh.
  1597 | D:3      | Reached XP level 5. HP: 50/52 MP: 4/4
  1617 | D:3      | Noticed Natasha
  1626 | D:3      | Killed Natasha
  1655 | D:3      | Reached *** piety under Trog
  1876 | D:3      | You fall into a shaft and drop 1 floor!
  1935 | D:4      | Noticed Edmund
  1943 | D:4      | Killed Edmund
  1944 | D:4      | Reached XP level 6. HP: 61/61 MP: 5/5
  2349 | D:3      | Noticed Natasha
  2359 | D:3      | Killed Natasha
  2836 | D:3      | Noticed Natasha
  2857 | D:3      | Killed Natasha
  2862 | D:3      | Gained mutation: You expend magic power (3 MP) to
                  | strengthen your wands. [potion of mutation]
  2862 | D:3      | Gained mutation: You evolve. [potion of mutation]
  2862 | D:3      | Gained mutation: You occasionally shout uncontrollably at
                  | your foes. [potion of mutation]
  2862 | D:3      | Gained mutation: You have sharp toenails. [potion of
                  | mutation]
  2942 | D:4      | Found a staircase to the Ecumenical Temple.
  3138 | D:4      | Found Daelasm's Armour Shop.
  3222 | D:4      | Reached XP level 7. HP: 67/67 MP: 6/6
  3364 | D:4      | Found Jigailam's Antique Armour Boutique.
  3575 | D:4      | Lost mutation: You occasionally shout uncontrollably at
                  | your foes. [potion of mutation]
  3575 | D:4      | Lost mutation: You expend magic power (3 MP) to strengthen
                  | your wands. [potion of mutation]
  3575 | D:4      | Lost mutation: You have sharp toenails. [potion of
                  | mutation]
  3575 | D:4      | Lost mutation: You evolve. [potion of mutation]
  3575 | D:4      | Gained mutation: You have supernaturally acute eyesight.
                  | (SInv) [potion of mutation]
  3575 | D:4      | Lost mutation: You have supernaturally acute eyesight.
                  | (SInv) [potion of mutation]
  3575 | D:4      | Gained mutation: You heal very quickly. [potion of
                  | mutation]
  3575 | D:4      | Gained mutation: You possess an exceptional clarity of
                  | mind. [potion of mutation]
  3652 | D:5      | Entered Level 5 of the Dungeon
  3830 | D:5      | Noticed Menkaure
  3838 | D:5      | Slain by Menkaure

Illustrated notes

Levels and vault maps discovered:
D:1:      saegor_arrival_simple_e, layout_loops_cross, st_stairs_6,
          minmay_hexomino_r4
D:2:      layout_basic, grunt_temple_overflow_opulence, vehumet_crystals,
          chequers_serial_rivers_room_b, minmay_misc_feat_hallway
D:3:      layout_loops_cross, patterned_corridor, uniq_natasha
D:4:      layout_basic, minmay_temple_entry_gardened_gates, serial_shops,
          kennysheep_mini, nicolae_shop_behind_doors, uniq_edmund
D:5:      layout_basic, gup_sewer_entry_pipe, minmay_crystal_water,
          uniq_eustachio, uniq_menkaure, uniq_pikel

Skill      XL: |  1  2  3  4  5  6 |
---------------+-------------------+-----
Evocations     | 1 2 3 |  3.1
Armour         | 1 2 3 |  3.3
Maces & Flails | 3 |  3.7
Fighting       | 3 |  3.4
Dodging        | |  2.4

Action                   |  1- 3 |  4- 6 |  7- 9 || total
-------------------------+-------+-------+-------++-------
Melee: Mace              |   132 |    97 |       ||   229
       Flail             |       |    71 |    12 ||    83
       Kick              |       |     2 |     1 ||     3
Invok: Berserk           |     1 |     3 |       ||     4
  Use: Scroll            |     4 |     6 |     1 ||    11
       Potion            |     1 |     1 |     2 ||     4
 Stab: Sleeping          |     1 |     1 |       ||     2
Armor: Animal skin       |    63 |    44 |     7 ||   114
Dodge: Dodged            |    95 |   143 |    14 ||   252
